Map: 어스름 탑

Players

Scytherino

  • Race: Terran Terran
  • League: Grandmaster

SoulKey - Winner!

  • Race: Zerg Zerg

Event: Gauntlet LotV Series 1 Qualifier 2

VOD

Have the link to the VOD?

Description

Time

  • Played on: Dec. 5, 2015, 2:31 p.m.
  • Length: 14:07

All games in this series

Show
View Real Time Build Order
Export as new Build Order

Scytherino Terran 

Build Orders: Reaper Expand, MMM Bio 

Get SALT Encoding   

  12  0:00  SCV  
  13  0:13  SCV  
  14  0:17  Supply Depot  
  14  0:25  SCV  
  15  0:39  SCV  
  15  0:40  Barracks  
  16  0:45  Refinery  
  16  0:51  SCV  
  17  1:03  SCV  
  18  1:20  SCV  
  19  1:29  Reaper  
  20  1:34  Orbital Command  
  20  1:43  Command Center  
  20  1:55  Supply Depot  
  20  2:01  Barracks Reactor, SCV  
  21  2:11  Refinery  
  21  2:14  SCV  
  22  2:25  Factory  
  22  2:26  SCV  
  23  2:40  Marine  
  23  2:41  Marine  
  23  2:42  SCV  
  26  2:54  SCV  
  26  2:55  Orbital Command  
  27  2:58  Marine x2  
  29  3:06  SCV  
  29  3:12  Starport  
  30  3:16  Factory Tech Lab, Marine x2  
  32  3:22  SCV  
  32  3:23  SCV  
  34  3:29  Supply Depot  
  34  3:34  Marine x2  
  34  3:41  SCV, Siege Tank  
  38  3:42  SCV  
  40  3:48  Medivac  
  40  3:52  Marine x2  
  40  3:53  SCV  
  40  3:54  SCV  
  40  3:55  Supply Depot  
  46  4:06  SCV x2  
  46  4:09  Marine  
  48  4:10  Marine  
  48  4:15  Supply Depot  
  48  4:16  Siege Tank  
  53  4:18  SCV x2, Viking  
  57  4:27  Marine x2  
  57  4:30  SCV x2  
  61  4:40  Command Center  
  61  4:45  SCV, Marine x2  
  64  4:55  Siege Tank  
  64  4:56  Starport Reactor  
  68  5:00  SCV x2  
  68  5:03  Barracks  
  68  5:04  Barracks  
  69  5:11  Marine  
  70  5:17  Engineering Bay  
  70  5:18  Engineering Bay  
  70  5:19  SCV, Marine  
  72  5:21  Refinery x2  
  72  5:26  SCV  
  73  5:29  Marine  
  74  5:37  Marine  
  74  5:39  SCV  
  76  5:45  Terran Infantry Weapons Level 1, Terran Infantry Armor Level 1  
  76  5:46  SCV  
  76  5:47  Marine  
  76  5:48  Starport Reactor  
  78  5:54  Marine  
  79  6:01  Factory Tech Lab, Orbital Command  
  79  6:05  SCV x2  
  79  6:07  Marine x2  
  79  6:08  Stimpack, Barracks  
  79  6:10  Barracks  
  83  6:17  SCV  
  84  6:20  Marine x2  
  84  6:21  Marine  
  84  6:23  SCV  
  91  6:29  SCV, Marine  
  93  6:35  Marine  
  93  6:36  SCV  
  93  6:43  Missile Turret  
  93  6:45  Missile Turret  
  90  6:49  Marine  
  90  6:50  Factory Reactor, Marauder  
  93  6:58  Marine  
  93  6:59  Marine  
  93  7:00  Marine  
  93  7:03  Orbital Command  
  93  7:04  Barracks Reactor  
  93  7:05  Barracks Reactor, Medivac  
  93  7:07  Missile Turret  
  93  7:09  SCV  
  93  7:11  SCV  
  93  7:12  Marine  
  93  7:13  Armory, Marine  
  93  7:14  Medivac  
  96  7:21  SCV  
  97  7:23  SCV, Supply Depot, Marine x2  
  97  7:24  Marine  
  101  7:37  Medivac, Marine  
  101  7:38  SCV x3  
  106  7:46  Marine x6  
  106  7:47  Widow Mine  
  106  7:50  SCV x3  
  116  7:54  Supply Depot  
  116  7:55  Supply Depot  
  116  8:01  Marine  
  116  8:02  Terran Infantry Weapons Level 2, Terran Infantry Armor Level 2  
  117  8:07  Supply Depot  
  117  8:10  Combat Shields  
  117  8:15  Marine x6, Widow Mine  
  117  8:16  Medivac, Marine x2  
  117  8:19  Supply Depot, Marine  
  129  8:20  Supply Depot  
  129  8:25  Widow Mine  
  132  8:28  Liberator  
  132  8:30  Barracks  
  132  8:31  Barracks  
  132  8:33  Marine x2  
  134  8:40  Liberator  
  134  8:42  Marine  
  134  8:43  Marine x6  
  134  8:44  SCV  
  134  8:46  Refinery x2  
  137  9:08  Marauder, Marine x3  
  137  9:09  Marine x4  
  137  9:10  SCV  
  137  9:11  Liberator  
  138  9:23  Starport, Liberator  
  138  9:26  Marine  
  138  9:27  Marine  
  135  9:37  Barracks Reactor  
  135  9:38  Missile Turret  
  135  9:39  Barracks Tech Lab, Missile Turret  
  135  9:41  Missile Turret, Marine x4  
  135  9:42  Marine, Marauder  
  135  9:43  SCV  
  135  9:44  SCV  
  147  9:50  Supply Depot, SCV  
  148  9:54  Liberator  
  148  9:55  SCV  
  148  9:56  SCV  
  150  10:01  Starport Reactor  
  150  10:03  SCV  
  151  10:11  Marine x3  
  151  10:12  Marauder, Marine x3  
  162  10:20  Marine x2  
  164  10:22  Terran Infantry Weapons Level 3, Terran Infantry Armor Level 3  
  164  10:24  Liberator  
  164  10:30  Marine  
  164  10:32  Refinery  
  165  10:40  Marine x2  
  165  10:41  Marauder  
  172  10:49  Marine  
  173  10:59  Liberator  
  173  11:00  Liberator  
  173  11:01  Command Center  
  173  11:11  Marine  
  173  11:12  Marine  
  173  11:13  Marine  
  173  11:14  Marine  
  173  11:15  Medivac, Marine  
  173  11:16  Marauder x2  
  159  11:25  SCV  
  159  11:32  SCV  
  155  11:33  SCV  
  123  11:51  Medivac x2  
  123  11:54  SCV x3  
  106  12:01  Marine x2  
  107  12:06  SCV x3  
  103  12:10  Marine  
  103  12:11  Marauder  
  103  12:12  Medivac  
  100  12:18  SCV  
  83  12:30  SCV, Marine  
  83  12:31  Marauder, Marine  
  83  12:32  Marauder, Marine x2  
  83  12:34  SCV  
  93  12:39  Marine  
  93  12:41  SCV  
  95  12:46  Marine  
  95  12:47  Marine  
  95  12:48  Marine x3  
  100  12:59  SCV x2, Orbital Command  
  100  13:02  Marauder, Marine x2  
  106  13:07  Marine x2  
  106  13:09  Marine  
  106  13:11  SCV x2  
  111  13:16  Marine x2  
  111  13:17  Marauder  
  115  13:20  Widow Mine  
  115  13:23  SCV  
  107  13:35  Marine x2  
  107  13:36  Marauder  
Show
View Real Time Build Order
Export as new Build Order

SoulKey Zerg - Winner!

Build Orders: Hatch First, Muta Ling Bane 

Get SALT Encoding   

  12  0:01  Drone  
  13  0:12  Overlord  
  13  0:17  Drone  
  14  0:32  Drone x2  
  17  0:35  Drone  
  17  0:52  Hatchery  
  17  0:55  Drone  
  17  0:57  Drone  
  18  1:10  Extractor  
  17  1:12  Spawning Pool  
  17  1:15  Drone  
  18  1:18  Drone  
  18  1:29  Drone  
  19  1:39  Overlord  
  19  1:59  Zergling x2, Queen  
  19  2:01  Zergling x2  
  23  2:04  Queen  
  23  2:05  Drone  
  26  2:10  Metabolic Boost  
  26  2:13  Drone  
  27  2:16  Drone  
  28  2:30  Drone x2  
  28  2:34  Queen  
  32  2:41  Queen  
  32  2:43  Overlord  
  34  2:44  Overlord  
  34  2:52  Drone x2  
  36  3:03  Drone x2  
  38  3:05  Drone  
  40  3:12  Drone  
  40  3:13  Drone x5  
  40  3:15  Drone  
  46  3:20  Lair  
  46  3:25  Drone x2  
  48  3:27  Extractor  
  48  3:29  Extractor  
  48  3:32  Drone, Extractor  
  46  3:36  Drone  
  47  3:43  Drone x2  
  47  3:44  Drone x2  
  47  3:46  Spine Crawler  
  47  3:47  Overlord  
  50  3:49  Drone x2  
  52  4:01  Baneling Nest  
  52  4:02  Drone  
  52  4:10  Drone x3  
  55  4:21  Spire  
  55  4:23  Overseer  
  54  4:24  Drone  
  54  4:29  Overlord, Zergling x6  
  54  4:30  Overlord  
  58  4:35  Zergling x4  
  60  4:40  Hatchery  
  60  4:41  Overlord  
  59  4:47  Zergling x2  
  59  4:51  Zergling x6  
  63  4:58  Overlord  
  63  5:02  Overlord  
  63  5:06  Overlord  
  63  5:12  Drone  
  63  5:13  Drone x2  
  66  5:19  Evolution Chamber  
  66  5:20  Evolution Chamber  
  66  5:21  Roach Warren  
  62  5:35  Mutalisk x6  
  64  5:39  Zerg Flyer Weapons Level 1  
  64  5:40  Drone x2  
  64  5:41  Drone  
  77  5:43  Drone  
  78  5:51  Zerg Missile Weapons Level 1, Zerg Ground Armor Level 1  
  78  5:54  Overlord  
  78  6:03  Drone x2  
  80  6:04  Drone x2, Glial Reconstitution  
  82  6:14  Drone x3  
  82  6:15  Drone  
  82  6:16  Drone x2  
  82  6:17  Overlord  
  87  6:23  Roach x3  
  87  6:25  Roach  
  95  6:27  Overlord  
  95  6:32  Overlord  
  92  6:41  Roach x2  
  92  6:47  Hatchery, Drone x4  
  95  6:48  Drone  
  95  6:51  Extractor  
  95  6:52  Extractor  
  95  6:53  Drone x2  
  100  7:01  Drone x2  
  100  7:02  Drone x4  
  100  7:07  Drone  
  100  7:08  Drone x2  
  109  7:12  Drone x2  
  109  7:13  Centrifical Hooks  
  111  7:18  Overlord x2  
  111  7:19  Overlord x2  
  110  7:28  Pneumatized Carapace, Overseer  
  110  7:33  Overlord  
  110  7:46  Mutalisk x8  
  110  7:49  Hatchery  
  125  7:55  Mutalisk x2  
  125  7:56  Mutalisk  
  131  7:59  Zergling x10  
  131  8:04  Overlord  
  136  8:10  Zerg Ground Armor Level 2  
  136  8:19  Zerg Melee Weapons Level 1  
  136  8:23  Zergling x8  
  136  8:24  Zergling x16  
  147  8:36  Drone x3  
  145  8:47  Zergling x20  
  148  8:57  Overlord  
  148  9:00  Zergling x12  
  150  9:12  Drone x6  
  150  9:13  Drone x2, Extractor x2  
  150  9:16  Spine Crawler  
  155  9:18  Zerg Flyer Weapons Level 2  
  153  9:32  Ravager x6  
  153  9:35  Roach x11  
  181  9:41  Overlord  
  181  9:47  Infestation Pit  
  181  9:48  Drone  
  181  9:59  Hatchery  
  180  10:03  Zergling x18  
  188  10:31  Ravager  
  188  10:32  Baneling  
  188  10:33  Baneling x17  
  188  10:34  Hive  
  188  10:35  Zerg Missile Weapons Level 2, Zerg Melee Weapons Level 2  
  189  10:43  Overseer  
  189  10:44  Overseer  
  189  10:48  Overlord  
  189  10:52  Baneling  
  189  10:53  Baneling x8  
  189  10:56  Spine Crawler  
  188  11:00  Zergling x4  
  188  11:02  Overlord  
  189  11:13  Zergling x10  
  189  11:19  Zergling x4  
  189  11:20  Zergling x24  
  185  11:34  Zergling x2  
  185  11:35  Zergling x34  
  171  11:55  Adrenal Glands  
  171  11:58  Ultralisk Cavern  
  170  12:01  Zergling x12  
  170  12:02  Zergling x22  
  170  12:04  Overlord x2  
  179  12:14  Zergling x24  
  167  12:29  Roach x7  
  164  12:30  Roach  
  166  12:41  Baneling x3  
  166  12:42  Baneling x11  
  166  12:43  Overseer  
  166  12:44  Zergling x2  
  166  12:45  Zergling x36  
  166  12:47  Chitinous Plating  
  185  12:56  Ravager x2  
  185  12:57  Ravager x2  
  190  12:58  Ravager x2  
  190  12:59  Ravager x2  
  190  13:00  Ultralisk  
  199  13:15  Baneling  
  199  13:16  Baneling x8  
  183  13:35  Zergling x8  
  183  13:36  Zergling x18  
  186  13:45  Zergling x30  
  186  13:46  Zergling x4  
Tags
 
Add a new tag
Caveats
  • Supply blocks, unpowered buildings, or Contaminate may cause inaccurate times.
  • Supply counts are checked every 10 seconds.